 Dungeon Crawl Stone Soup version 0.21-a0-283-g622b906 (webtiles) character file.

130 nikopol the Firebug (level 4, -14/24 HPs)
             Began as a Deep Elf Fire Elementalist on Sept 24, 2017.
             Killed by divine providence
             ... invoked by an orc priest
              (16 damage)
             ... on level 3 of the Dungeon.
             The game lasted 00:08:17 (2456 turns).

nikopol the Firebug (Deep Elf Fire Elementalist)    Turns: 2456, Time: 00:08:17

Health: -14/24     AC:  2    Str:  5    XL:     4   Next: 90%
Magic:  1/12       EV: 13    Int: 21    God:
Gold:   115        SH:  0    Dex: 15    Spells: 5/11 levels left

rFire    . . .     SeeInvis .   j - +0 dagger
rCold    . . .     Gourm    .   (no shield)
rNeg     . . .     Faith    .   a - +0 robe
rPois    .         Spirit   .   (no helmet)
rElec    .         Reflect  .   (no cloak)
rCorr    .         Harm     .   (no gloves)
MR       .....                  (no boots)
Stlth    ++........             (no amulet)
HPRegen  0.08/turn              (no ring)
MPRegen  0.13/turn              (no ring)

@: no status effects
A: no striking features
a: no special abilities


You were on level 3 of the Dungeon.
You were hungry.

You visited 1 branch of the dungeon, and saw 3 of its levels.

You collected 115 gold pieces.

Inventory:

Hand Weapons
 j - a +0 dagger (weapon)
Armour
 a - a +0 robe (worn)
Scrolls
 d - a scroll of identify {unknown}
 e - a scroll of teleportation {unknown}
 f - 2 scrolls of fear {unknown}
 k - 3 scrolls of remove curse {unknown}
 m - a scroll of amnesia {unknown}
 n - 3 scrolls of blinking {unknown}
 p - a scroll of enchant weapon {unknown}
Potions
 g - 2 potions of might {unknown}
 h - a potion of cancellation {unknown}
 l - a potion of ambrosia {unknown}
 o - a potion of resistance {unknown}
 q - a potion of lignification {unknown}
 s - a potion of degeneration {unknown}
 t - a potion of curing {unknown}
Books
 b - a book of Flames

   Spells                             Type                      Level
   a - Flame Tongue                   Conjuration/Fire             1
   b - Throw Flame                    Conjuration/Fire             2
   c - Conjure Flame                  Conjuration/Fire             3
   d - Inner Flame                    Hexes/Fire                   3
   e - Sticky Flame                   Conjuration/Fire             4
   f - Fireball                       Conjuration/Fire             5
Comestibles
 c - 4 bread rations
 i - 3 meat rations
 r - 4 chunks of flesh


   Skills:
 + Level 0.1 Fighting
 + Level 2.4 Dodging
 + Level 3.2 Stealth
 + Level 4.3 Spellcasting
 + Level 2.4 Conjurations
 + Level 4.6 Fire Magic


You had 5 spell levels left.
You knew the following spells:

 Your Spells              Type           Power        Failure   Level  Hunger
a - Flame Tongue          Conj/Fire      ###..        2%          1    None
b - Throw Flame           Conj/Fire      ###...       4%          2    #......
c - Conjure Flame         Conj/Fire      ###.....     9%          3    ##.....


Dungeon Overview and Level Annotations

Branches:
Dungeon (3/15)

Altars:
Zin

Annotations:
D:3 Sigmund


Message History

Confirm with . or Enter, or press ? or * to list all spells.
Aiming: Flame Tongue
Press: ? - help, Shift-Dir - straight line, f - orc priest
Aim: an orc priest, wielding a club The flame tongue hits the orc priest.
The orc priest is heavily wounded.
The orc priest invokes the aid of Beogh against you.
Beogh smites you!
* * * LOW HITPOINT WARNING * * *
Casting: Flame Tongue
Confirm with . or Enter, or press ? or * to list all spells.
Aiming: Flame Tongue
Press: ? - help, Shift-Dir - straight line, f/p - orc priest
Aim: an orc priest, wielding a club (heavily wounded)
The flame tongue hits the orc priest.
The orc priest is severely wounded.
The orc priest invokes the aid of Beogh against you.
Beogh smites you!
Ouch! That really hurt!
You die...

## .....>.....# .. .#
####.......# .. .#
##.....## ## .# ##...##
.. .# #...######## .# .#
#######........... ..
###o# #........#########
.. ###.).# #.######.# ##
###....# #@# #.# #
#....(## #)# #.# #
#....÷#####§# #.# ##.
###.(.o..##o# #.# ...
###..o...o# #.#########
...
###.###.######.##.......
... ...#
#.........).###### #..
#..## ########.#..##....
...####....# #.#..##....


You could see an orc priest and an orc.

Vanquished Creatures
  A hound (D:3)
  2 adders (D:3)
  An ooze (D:1)
  A worm (D:3)
  6 dart slugs
  5 orcs
  9 bats
  3 giant cockroaches (D:1)
  3 goblins
  8 hobgoblins
  4 frilled lizards
  8 kobolds
  10 rats
61 creatures vanquished.

Notes
Turn   | Place    | Note
-------+----------+-------------------------------------------
     0 | D:1      | nikopol the Deep Elf Fire Elementalist began the quest for the Orb.
     0 | D:1      | Reached XP level 1. HP: 10/10 MP: 6/6
   134 | D:1      | Reached XP level 2. HP: 4/15 MP: 2/8
   750 | D:1      | Reached XP level 3. HP: 19/19 MP: 4/9
  1715 | D:2      | Found a glowing silver altar of Zin.
  1975 | D:3      | Noticed Sigmund
  1977 | D:3      | Reached XP level 4. HP: 17/24 MP: 4/12
  2190 | D:3      | Learned a level 2 spell: Throw Flame
  2194 | D:3      | Learned a level 3 spell: Conjure Flame
  2456 | D:3      | Killed from afar by an orc priest

Vault maps used:
D:1:      nagdon_arrival_zigzag_paths, fountainhead
D:2:      zin_treasury
D:3:      first_bread, minmay_misc_feat_x, uniq_sigmund

Skill      XL: |  1  2  3  4 |
---------------+-------------+-----
Fire Magic     | 4 |  4.6
Spellcasting   | 4 |  4.3
Conjurations   | 2 |  2.4
Stealth        | 3 |  3.2
Fighting       | |  0.1
Dodging        | |  2.4

Action                   |  1- 3 |  4- 6 || total
-------------------------+-------+-------++-------
 Cast: Flame Tongue      |    82 |    31 ||   113
       Conjure Flame     |       |     1 ||     1
       Throw Flame       |       |     1 ||     1
  Eat: Chunk             |     3 |     1 ||     4
Armor: Robe              |     1 |       ||     1
Dodge: Dodged            |    18 |    10 ||    28

Table legend:
 A = Spawn XP
 B = Non-spawn XP
 C = Spawn XP percentage of total XP
 D = Spawn monster count
 E = Non-spawn monster count
 F = Spawn count percentage of total count
 G = Total turns spent on level
                    A         B        C        D         E        F      G
               +---------+---------+-------+---------+---------+-------+---------
         Total |       0 |     187 |   0.0 |       0 |      61 |   0.0 |  2456
               +---------+---------+-------+---------+---------+-------+---------
           D:1 |       0 |      56 |   0.0 |       0 |      29 |   0.0 |  1048
           D:2 |       0 |      26 |   0.0 |       0 |      14 |   0.0 |   874
           D:3 |       0 |     105 |   0.0 |       0 |      18 |   0.0 |   534
               +---------+---------+-------+---------+---------+-------+---------
